AoeStats
← Reis

Nomad

505934640Analyzed
4v4 RM · 21d ago on Sep 11, 2026· 32m 19s· 8 players
Game mode
Random Map
Map size
231×231
Population
200
Speed
Normal
Resources
Standard
Victory
Conquest
Starting age
Dark Age
Ending age
Imperial Age
RankedLock teamsTeams togetherTeam positionsShared explorationLock speedFull tech treeHidden civsTurbo modeCheats
Victory
Defeat
🇲🇽 Bohemians · Mexico
1410
+15
🇻🇳 Japanese · Vietnam
1362
+17
🇷🇺 Spanish · Russia
1349
+17
🇦🇷 Malay · Argentina
1349
+17
🇩🇪 Cumans · Germany
1398
-17
🇨🇭 Bulgarians · Switzerland
1382
-17
🇹🇷 Vietnamese · Türkiye
1375
-16
🇩🇪 Vikings · Germany
1371
-16
Reis
6:38 Loom
15:10 Feudal Age
20:46 Castle Age
19:46 Forging
21:44 Double-Bit Axe
30:02 Fletching
^ScArFaCe^
9:24 Loom
13:27 Feudal Age
17:52 Castle Age
15:46 Fishing Lines
16:31 Double-Bit Axe
17:50 Fletching
18:49 Bodkin Arrow
19:43 Gold Mining
20:04 Bow Saw
21:44 Gold Shaft Mining
21:08 Gillnets
24:36 Horse Collar
25:44 Heavy Plow
28:16 Ballistics
29:08 Elite Skirmisher
32:58 Imperial Age
PanicWaller
5:05 Loom
12:58 Feudal Age
16:48 Castle Age
16:42 Double-Bit Axe
20:12 Medium Warships
21:27 Wheelbarrow
23:17 Horse Collar
24:14 Fishing Lines
26:15 Town Watch
28:36 Bow Saw
32:14 Imperial Age
sweetyboy
3:59 Loom
14:44 Feudal Age
15:25 Double-Bit Axe
17:53 Fishing Lines
25:29 Castle Age
28:18 Fletching
Batushka_na_harlee
10:30 Loom
14:15 Feudal Age
12:31 Loom
15:02 Loom
16:51 Forging
22:59 Castle Age
20:59 Fletching
21:35 Gold Mining
21:59 Stone Mining
23:08 Town Watch
23:22 Double-Bit Axe
23:24 Horse Collar
28:41 Imperial Age
33:08 Wheelbarrow
TheFireKnight
5:01 Loom
13:51 Feudal Age
18:30 Castle Age
16:27 Double-Bit Axe
16:26 Fishing Lines
16:33 Horse Collar
18:29 Fletching
19:05 Gillnets
19:45 Bow Saw
19:43 Bodkin Arrow
19:39 Town Watch
22:19 Fervor
28:42 Wheelbarrow
28:44 Sanctity
jeremias723
5:09 Loom
13:58 Feudal Age
18:08 Castle Age
18:24 Wheelbarrow
19:38 Town Watch
19:55 Double-Bit Axe
26:22 Horse Collar
32:22 Imperial Age
30:00 Fletching
31:06 Hand Cart
31:49 Bow Saw
Melodies of Life
5:21 Loom
14:59 Feudal Age
19:29 Castle Age
17:29 Fletching
17:46 Double-Bit Axe
18:51 Gold Mining
18:52 Stone Mining
19:34 Town Watch
21:31 Medium Warships
21:33 Bow Saw
21:06 Fishing Lines
22:09 Bodkin Arrow
23:33 Gillnets
31:02 Gold Shaft Mining
34:52 Imperial Age
Connection lost

Rejoining the realm…

Still unreachable

The connection could not be restored.

Session expired

The server has moved on; the page needs a fresh start.